 Dungeon Crawl Stone Soup version 0.29.1-13-g9f3cf754e1 (webtiles) character file.

Game seed: 18121848849681179202

100 H0rd4k the Charlatan (level 4, -2/29 HPs)
             Began as an Octopode Artificer on Feb 7, 2023.
             Engulfed by an orc wizard's steam (10 damage)
             ... on level 3 of the Dungeon.
             The game lasted 00:01:38 (3349 turns).

H0rd4k the Charlatan (Octopode Artificer)           Turns: 3349, Time: 00:01:39

Health: -2/29      AC:  1    Str: 11    XL:     4   Next: 74%
Magic:  7/7        EV: 13    Int: 15    God:
Gold:   131        SH:  0    Dex: 12    Spells: 7/7 levels left

rFire   . . .      SeeInvis .     - Unarmed
rCold   . . .      Faith    .   (no shield)
rNeg    . . .      Spirit   .   (helmet restricted)
rPois   .          Reflect  .   (no amulet)
rElec   .          Harm     .   (no ring)
rCorr   .          Rampage  .   (no ring)
Will    .....                   (no ring)
Stlth   ++++......              (no ring)
HPRegen 0.09/turn               (no ring)
MPRegen 0.10/turn               (no ring)
                                (no ring)
                                (no ring)

@: no status effects
A: almost no armour, amphibious, 8 rings, camouflage 1, gelatinous body 1,
nimble swimmer 1, tentacles
a: no special abilities


You were on level 3 of the Dungeon.
You visited 1 branch of the dungeon, and saw 3 of its levels.

You collected 131 gold pieces.

Inventory:

Wands
 b - a wand of flame (15) (quivered)
 c - a wand of charming (12)
 d - a wand of iceblast (5)
Scrolls
 e - a scroll of blinking {unknown}
 f - 3 scrolls of identify {unknown}
 h - 2 scrolls of teleportation {unknown}
 i - a scroll of fog {unknown}
 j - a scroll of magic mapping {unknown}
 k - a scroll of silence {unknown}
 l - a scroll of poison {unknown}
Potions
 a - a potion of lignification {unknown}
 g - 4 potions of curing {unknown}
 m - a potion of flight {unknown}
 n - a potion of mutation {unknown}
 o - a potion of attraction {unknown}
 p - a potion of brilliance {unknown}


   Skills:
 * Level 2.2 Fighting
 - Level 2.3 Dodging
 - Level 1.3 Stealth
 + Level 2.4 Unarmed Combat
 * Level 2.1 Spellcasting
 - Level 3.2 Evocations


You had 7 spell levels left.
You didn't know any spells.
Your spell library contained the following spells:

 Spells                   Type           Power      Damage    Failure   Level
 Freeze                   Ice            4%         1d3       22%         1
 Frozen Ramparts          Ice            2%         1d1       54%         3
 Hailstorm                Conj/Ice       1%         3d3       91%         4


Dungeon Overview and Level Annotations

Branches:
Dungeon (3/15)

Altars:
Hepliaklqana
Sif Muna

Shops:
D:1 [   D:2 :   D:3 ((?:(


Innate Abilities, Weirdness & Mutations

You cannot wear most types of armour.
You are amphibious.
You can wear up to eight rings at the same time.
Your skin changes colour to match your surroundings (Stealth+).
Your rubbery body absorbs attacks. (AC +1, EV +1)
You are camouflaged when in or above water. (Stealth+)
You have tentacles for arms and can constrict up to eight enemies at once.


Message History

Unknown command.
Aiming: Charm
Press: ? - help, Shift-Dir - straight line, f/p - orc
Aim: an orc, wielding a +0 dagger (chance to affect: 73%)
You detect the charmed orc wizard.
Reactivating autopickup.
The orc hits your orc wizard with a +0 dagger.
Unknown command.
What are your orders? t - Shout!
Orders for allies: a - Attack new target. p - Attack previous target. r - Retreat! s - Stop attacking. g - Guard the area. f - Follow me.
Anything else - Cancel.
Guard this area!
Your orc wizard hits the orc with a +0 dagger.
The orc closely misses your orc wizard.
Your orc wizard misses the orc.
The orc barely misses your orc wizard.
Your orc wizard hits the orc with a +0 dagger.
The orc hits your orc wizard but does no damage.
Your orc wizard hits the orc with a +0 dagger.
The orc dies!
There is an open door here.
HP restored.
There is an open door here.
An orc wizard is nearby!
An orc wizard is nearby!
An orc wizard is nearby!
The orc wizard points at you and mumbles some strange words.
The puff of flame hits you!
The orc wizard hits you with a +0 dagger.
You tentacle-slap the orc wizard but do no damage.
You grab the orc wizard. You constrict the orc wizard.
The orc wizard casts a spell at you. The puff of flame hits you!
* * * LOW HITPOINT WARNING * * *
You tentacle-slap the orc wizard but do no damage.
The orc wizard is lightly wounded.
You are engulfed in a cloud of scalding steam.
You die...

### ############.###
#...........≈≈≈##
##.######.#~≈~≈≈#
######### #.# #....∩≈≈#
###.....## #)#
###~o≈≈≈# ###..##..#
#o# ##@≈≈#####....###.#
#)# #.####.##...∩....#
#.# #.# #.#####.....#
#.#
######.####>.####..##.#
#.#
#.........#..##....##.#
#.#
#.........#...........#
#.#
#.........#.#..........
######.####.#..8.<.∩.8.
#.# #.###.....##.


You could see an orc wizard.

Vanquished Creatures
  An orc wizard (D:3)
  2 adders (D:3)
  A worm (D:2)
  2 dart slugs (D:1)
  3 orcs
  5 bats
  2 endoplasms
  A giant cockroach (D:2)
  5 goblins
  5 hobgoblins
  3 quokkas
  3 ball pythons
  5 kobolds
  8 rats
46 creatures vanquished.

Vanquished Creatures (collateral kills)
  An orc (D:3)
1 creature vanquished.

Grand Total: 47 creatures vanquished

Notes
Turn   | Place    | Note
-------+----------+-------------------------------------------
     0 | D:1      | H0rd4k the Octopode Artificer began the quest for the Orb.
     0 | D:1      | Reached XP level 1. HP: 13/13 MP: 1/1
   208 | D:1      | Reached skill level 1 in Spellcasting
   442 | D:1      | Reached XP level 2. HP: 16/18 MP: 3/3
   887 | D:1      | Found Syititeg's Antique Armour Shoppe.
  1318 | D:2      | Found Ifuareg's Book Shoppe.
  1556 | D:2      | Reached XP level 3. HP: 14/24 MP: 5/5
  1772 | D:2      | Reached skill level 1 in Unarmed Combat
  2354 | D:2      | Found a faded altar of an unknown god.
  2567 | D:3      | Found Javyokk's Vocational Training.
  2705 | D:3      | Found a shimmering blue altar of Sif Muna.
  2711 | D:3      | Found a hazy altar of Hepliaklqana.
  2718 | D:3      | Reached XP level 4. HP: 28/29 MP: 6/6
  2822 | D:3      | Found Devaikam's Weapon Boutique.
  2925 | D:3      | Found Ivelaess's Magic Scroll Emporium.
  2928 | D:3      | Found Sejy's Antique Weapon Emporium.
  3007 | D:3      | Found Gaxto's Weapon Boutique.
  3349 | D:3      | Engulfed by an orc wizard's steam

Illustrated notes

Levels and vault maps discovered:
D:1:      enne_arrival_octagon_isle, layout_loops_corners, serial_shops,
          nicolae_shop_window_shopping
D:2:      layout_basic, serial_shops, nicolae_square_shop,
          shapermc_ecumenical_altar_totnotflames
D:3:      layout_basic, mainiacjoe_overflow_catwalk_spiral, serial_shops,
          nicolae_shop_hallway_plus, shop_statue, nicolae_square_shop,
          nicolae_shop_waterfront, nicolae_shop_vocational

Skill      XL: |  1  2  3  4 |
---------------+-------------+-----
Spellcasting   | 1 2 |  2.1
Unarmed Combat | 1 2 |  2.4
Fighting       | 2 |  2.2
Dodging        | |  2.3
Stealth        | |  1.3
Evocations     | |  3.2

Action                   |  1- 3 |  4- 6 || total
-------------------------+-------+-------++-------
Melee: Unarmed           |   102 |    26 ||   128
       Constrict         |    29 |     7 ||    36
       Tentacles         |    19 |     6 ||    25
       Punch             |     1 |     1 ||     2
Evoke: Wand              |       |     3 ||     3
 Stab: Sleeping          |    14 |     1 ||    15
Armor: Skin              |     6 |     2 ||     8
Dodge: Dodged            |    50 |     8 ||    58
